 Dungeon Crawl Stone Soup version 0.31-a0-865-g3d5d91748a (webtiles) character file.

Game seed: 12994612329253467440

79 Shayle the Ducker (level 4, -5/34 HPs)
             Began as a Human Shapeshifter on Oct 10, 2023.
             Slain by a water moccasin (7 damage)
             ... on level 6 of the Dungeon.
             The game lasted 00:03:47 (1182 turns).

Shayle the Ducker (Human Shapeshifter)              Turns: 1182, Time: 00:03:48

Health: -5/34      AC:  5    Str: 14    XL:     4   Next: 62%
Magic:  4/4        EV: 16    Int: 11    God:
Gold:   93         SH:  0    Dex: 14    Spells: 3/3 levels left

rFire   . . .        f - +0 rapier
rCold   . . .        (no shield)
rNeg    . . .        e - +0 ring mail
rPois   .            (helmet currently unavailable)
rElec   .            (cloak currently unavailable)
rCorr   .            (gloves currently unavailable)
SInv    .            (boots currently unavailable)
Will    .....        (no amulet)
Stlth   +            h - +5 ring of evasion
HPRegen 0.25/turn    (no ring)
MPRegen 0.09/turn

%: no passive effects
@: lethally poisoned (-5 -> -11), beast-form
A: beast (slay +1)
a: Begin Untransformation


You were on level 6 of the Dungeon.
You were a hulking beast.
You visited 1 branch of the dungeon, and saw 4 of its levels.

You collected 93 gold pieces.

Inventory:

Hand Weapons
 f - a +0 rapier (weapon)
 i - a +2 whip of distortion
Armour
 a - a +0 animal skin
 e - a +0 ring mail (worn)
 j - a +0 chain mail
Jewellery
 h - a +5 ring of evasion (left hand)
Talismans
 c - a beast talisman (active)
 d - a flux talisman
Wands
 b - a wand of paralysis (1)
Scrolls
 g - a scroll of identify {unknown}


   Skills:
 + Level 2.9 Fighting
 + Level 3.4 Dodging
 - Level 3.0 Unarmed Combat
 - Level 3.0 Shapeshifting


You had 3 spell levels left.
You didn't know any spells.
Your spell library was empty.

Dungeon Overview and Level Annotations

Branches:
Dungeon (3/15)

Altars:

Shops:
D:1 (

Annotations:
D:3 Natasha


Message History

You miss the water moccasin.
The water moccasin is moderately wounded.
The water moccasin completely misses you.
The water moccasin barely misses you.
You aren't carrying any potions.
Unknown command.
You hit the water moccasin.
The water moccasin is moderately wounded.
The water moccasin bites you. x2
You are poisoned.
The water moccasin poisons you!
You hit the water moccasin but do no damage.
The water moccasin is moderately wounded.
You feel very sick. The water moccasin bites you.
You are lethally poisoned!
The water moccasin poisons you!
You closely miss the water moccasin.
The water moccasin is moderately wounded.
You feel very sick.
The water moccasin completely misses you.
The water moccasin barely misses you.
You hit the water moccasin.
The water moccasin is heavily wounded.
* * * LOW HITPOINT WARNING * * *
You feel very sick.
The water moccasin bites you but does no damage.
The water moccasin completely misses you.
You miss the water moccasin.
The water moccasin is heavily wounded.
* * * LOW HITPOINT WARNING * * *
You feel very sick. The water moccasin closely misses you.
You miss the water moccasin.
The water moccasin is heavily wounded.
* * * LOW HITPOINT WARNING * * *
You feel sick.
The water moccasin bites you but does no damage.
The water moccasin bites you!
You die...

###### #....#
#....# #....#
+....+ #....#
#....# #h...#
#.S....#
.......#
..........
......#.....
.......#.....
........#.....
.........# ..


You could see a water moccasin.

Vanquished Creatures
  4 gnolls (D:3)
  A worm (D:2)
  2 ball pythons
  4 endoplasms
  2 giant cockroaches
  5 goblins (D:1)
  4 hobgoblins
  4 kobolds
  2 quokkas
  3 bats
  A frilled lizard (D:1)
  4 rats
36 creatures vanquished.

Notes
Turn   | Place    | Note
-------+----------+-------------------------------------------
     0 | D:1      | Shayle the Human Shapeshifter began the quest for the Orb.
     0 | D:1      | Reached XP level 1. HP: 15/15 MP: 1/1
   112 | D:1      | Found a faded altar of an unknown god.
   143 | D:1      | Reached XP level 2. HP: 20/21 MP: 2/2
   486 | D:1      | Reached XP level 3. HP: 25/27 MP: 3/3
   499 | D:1      | Found Fuitiv's Antique Weapon Boutique.
  1002 | D:3      | Reached XP level 4. HP: 23/34 MP: 4/4
  1150 | D:3      | Noticed Natasha
  1170 | D:3      | You fall into a shaft and drop 3 floors!
  1172 | D:6      | Noticed a water moccasin
  1182 | D:6      | Slain by a water moccasin

Illustrated notes

Levels and vault maps discovered:
D:1:      orjb1_clovarrival, layout_loops_cross, ebering_ecumenical_altar_hall,
          serial_shops, nicolae_shop_tiny_real_fake_doors
D:2:      layout_basic, kennysheep_cross_bottleneck, minmay_misc_feat_iff,
          uniq_sigmund
D:3:      layout_loops_ring, chequers_serial_rivers_marsh, uniq_natasha
D:6:      layout_basic, gup_sewer_entry_bubbles, uniq_maggie

Skill      XL: |  1  2  3 |
---------------+----------+-----
Fighting       | 2 |  2.9
Dodging        | 3 |  3.4
Unarmed Combat | |  3.0
Shapeshifting  | |  3.0

Action                     |  1- 3 |  4- 6 || total
---------------------------+-------+-------++-------
  Melee: Rapier            |   111 |    29 ||   140
         Unarmed           |     4 |       ||     4
         Punch             |     1 |       ||     1
    Use: Scroll            |     1 |       ||     1
         Potion            |     1 |       ||     1
 Armour: Ring mail         |    49 |    11 ||    60
         Animal skin       |     2 |       ||     2
         Skin              |     8 |    21 ||    29
  Dodge: Dodged            |    89 |     9 ||    98

Table legend: (Time is in decaauts)
 A = Elapsed time spent in this place.
 B = Non-inter-level travel time spent in this place.
 C = Inter-level travel time spent in this place.
 D = Time resting spent in this place.
 E = Time spent auto-exploring this place.
 F = Levels seen in this place.
 G = Mean time per level.
                   A        B        C        D        E       F      G
               +--------+--------+--------+--------+--------+-----+--------+
         Total |   1222 |   1222 |      0 |    161 |    630 |   4 |  305.5 |
       Dungeon |   1222 |   1222 |      0 |    161 |    630 |   4 |  305.5 |
               +--------+--------+--------+--------+--------+-----+--------+

Top non-repeatable levels by time:
     D:1: 648 daAuts
     D:3: 292 daAuts
     D:2: 268 daAuts
     D:6: 13 daAuts
